 Dungeon Crawl Stone Soup version 0.24-a0-378-g94936e539c (webtiles) character file.

Game seed: 18067455257859862634

13119 ohad the Cleaver (level 12, 0/103 HPs)
             Began as a Hill Orc Fighter on June 2, 2019.
             Was an Elder of Makhleb.
             Killed by vampiric draining
             ... invoked by Josephine
              (13 damage)
             ... on level 11 of the Dungeon.
             The game lasted 00:29:50 (11738 turns).

ohad the Cleaver (Hill Orc Fighter)                Turns: 11738, Time: 00:29:51

Health: 0/103      AC: 19    Str: 20    XL:     12   Next: 2%
Magic:  16/16      EV: 17    Int:  8    God:    Makhleb [****..]
Gold:   302        SH: 12    Dex: 19    Spells: 11/11 levels left

rFire    . . .     SeeInvis .   a - +0 war axe
rCold    . . .     Gourm    +   c - +0 shield
rNeg     . . .     Faith    .   j - +0 plate armour
rPois    +         Spirit   .   V - +0 helmet
rElec    .         Reflect  .   (no cloak)
rCorr    .         Harm     .   w - +0 pair of gloves
MR       .....                  G - +1 pair of boots
Stlth    ..........             U - amulet of the gourmand
HPRegen  0.27/turn              R - ring of poison resistance
MPRegen  0.15/turn              L - +3 ring of evasion

@: agile, slowed, studying Dodging, drained, very slow
A: no striking features
a: Minor Destruction, Lesser Servant of Makhleb, Major Destruction, Renounce
Religion


You were on level 11 of the Dungeon.
You worshipped Makhleb.
Makhleb was greatly pleased with you.
You were not hungry.

You visited 2 branches of the dungeon, and saw 12 of its levels.
You also visited: Sewer.

You collected 482 gold pieces.
You spent 180 gold pieces at shops.

Inventory:

Hand Weapons
 a - a +0 war axe (weapon)
 t - a +2 dire flail of holy wrath
 T - a +0 battleaxe
Missiles
 l - 6 atropa-tipped darts
 A - 16 poisoned darts (quivered)
Armour
 b - a +1 scale mail
 c - a +0 shield (worn)
 j - a +0 plate armour (worn)
 w - a +0 pair of gloves (worn)
 y - a +0 scale mail
 z - a +0 buckler
 C - a +0 hat
 G - a +1 pair of boots (worn)
 I - a +0 troll leather armour
 M - a +0 cloak
 V - a +0 helmet (worn)
Jewellery
 d - a +3 ring of intelligence
 F - an uncursed ring of positive energy
 L - a +3 ring of evasion (right hand)
 P - an uncursed ring of protection from cold
 Q - the ring of Uclaurphuh {Fire rN+++ MP+9 SInv Stlth+}
   (You found it on level 9 of the Dungeon)

   [ring of fire]

   It enhances your fire magic.
   It protects you from fire.
   It makes you vulnerable to cold.
   It renders you almost immune to negative energy.
   It affects your magic capacity (+9).
   It lets you see invisible.
   It makes you more stealthy.
 R - a ring of poison resistance (left hand)
 S - an uncursed amulet of magic regeneration
 U - an amulet of the gourmand (around neck)
Wands
 n - a wand of flame (28)
 B - a wand of scattershot (4)
 D - a wand of disintegration (14)
 E - a wand of acid (16)
 J - a wand of paralysis (9)
Scrolls
 e - 6 scrolls of teleportation
 g - 6 scrolls of remove curse
 q - 3 scrolls of fog
 r - 4 scrolls of fear
 x - a scroll of enchant armour
 H - 2 scrolls of blinking {unknown}
 N - 2 scrolls of magic mapping
Potions
 i - a potion of lignification
 k - 3 potions of cancellation
 m - a potion of degeneration {unknown}
 o - 6 potions of brilliance
 p - a potion of haste
 s - 2 potions of magic
 u - 5 potions of curing
 v - a potion of flight
Books
 K - a manual of Dodging
Miscellaneous
 O - a phantom mirror
Comestibles
 f - 19 rations


   Skills:
 - Level 8.7(7.6) Fighting
 - Level 12.2(11.0) Axes
 - Level 9.6(8.5) Armour
 * Level 8.8(7.7) Dodging
 + Level 9.2(8.1) Shields
 * Level 5.8(4.8) Invocations


You had 11 spell levels left.
You didn't know any spells.
Your spell library contained the following spells:

 Spells                   Type           Power        Failure   Level  Hunger
 Magic Dart               Conj           #...         100%        1    ##.....
 Sting                    Conj/Pois      #...         100%        1    ##.....
 Blink                    Tloc           N/A          100%        2    ###....
 Call Imp                 Summ           #.......     100%        2    ###....
 Poisonous Vapours        Pois/Air       #.....       100%        2    ###....
 Slow                     Hex            #.......     100%        2    ###....
 Conjure Flame            Conj/Fire      #.......     100%        3    ####...
 Mephitic Cloud           Conj/Pois/Air  #.......     100%        3    ####...
 Olgreb's Toxic Radiance  Pois           #.......     100%        4    #####..
 Venom Bolt               Conj/Pois      #.........   100%        5    ######.


Dungeon Overview and Level Annotations

Branches:
Dungeon (11/15)            Temple (1/1) D:6            Lair (0/6) D:9
    Orc (0/2) D:10

Altars:
Ashenzari
Cheibriados
Dithmenos
Elyvilon
Fedhas
Kikubaaqudgha
Makhleb
Qazlal
Ru
Trog
Uskayaw
Xom
The Shining One

Shops:
D:6 ?!!   D:9 :

Annotations:
D:11 Josephine


Message History

You hit the wraith but do no damage. You barely miss the wraith.
You closely miss the ice beast. You hit the crimson imp.
You hear the deafening beating of a distant drum.
The wraith hits you but does no damage.
The crimson imp hits you but does no damage.
You block the ice beast's attack. You block Josephine's attack.
The wraith hits you but does no damage. x2
A demon appears!
The ice beast hits you.
* * * LOW HITPOINT WARNING * * *
The ice beast freezes you!
* * * LOW HITPOINT WARNING * * *
You block the crimson imp's attack. You block Josephine's attack.
You block the wraith's attack. The wraith hits you but does no damage.
The ice beast misses you. The crimson imp barely misses you.
Josephine hits you but does no damage.
You feel better. You block the wraith's attack.
The wraith hits you but does no damage. The ice beast closely misses you.
The crimson imp completely misses you.
Josephine is infused with unholy energy.
You die...

#....... #.......
## # ######## .. ..
.# ?#
##############.#..
#.............3.
#..##..#..###W#
###+#..........@@W#
#..............5Y.#
#.#..###########..#
#.#..######## #..#
#.#.......... .....
#............
....#.
.############ ###..
. .# ... .#


You could see Josephine, 2 wraiths, an ice beast, a crimson imp and a friendly
smoke demon.

Vanquished Creatures
  Harold (D:8)
  2 two-headed ogres
  The ghost of adept the Sneak, a novice OpBe of Trog (D:9)
  The ghost of dazzled the Covert, a novice OpAs of Okawaru (D:6)
  Maurice (D:10)
  A gargoyle (D:8)
  A kobold demonologist (D:6)
  An ice devil (D:9)
  2 trolls
  A hornet (D:7)
  4 hippogriffs
  A wyvern (D:10)
  A wraith (D:11)
  9 yaks
  A hungry ghost (D:11)
  Edmund (D:4)
  10 ice beasts
  5 sky beasts
  3 phantoms
  An orc warrior (D:10)
  4 black bears
  5 ogres
  6 centaurs
  A big kobold (D:7)
  A crocodile (D:9)
  5 bullfrogs
  A hornet simulacrum (D:9)
  A water moccasin skeleton (D:7)
  4 scorpions
  10 killer bees (D:7)
  3 crimson imps
  2 bullfrog zombies
  A quasit (D:5)
  A centaur zombie (D:5)
  4 hounds
  2 orc priests
  8 jellies
  A bullfrog skeleton (D:7)
  5 orc wizards
  A gnoll shaman (D:4)
  8 iguanas
  6 worker ants
  A hound skeleton (D:7)
  A hound zombie (D:7)
  2 worker ant zombies
  12 adders
  5 river rats
  15 gnolls
  2 shadow imps
  2 white imps (D:9)
  6 oozes
  5 worms
  An adder simulacrum (D:9)
  2 dart slugs (D:2)
  8 leopard geckos
  37 orcs
  4 ball pythons
  5 giant cockroaches
  8 hobgoblins
  7 jackals
  6 quokkas
  10 bats
  14 frilled lizards
  12 goblins
  10 kobolds
  17 rats
320 creatures vanquished.

Notes
Turn   | Place    | Note
-------+----------+-------------------------------------------
     0 | D:1      | ohad the Hill Orc Fighter began the quest for the Orb.
     0 | D:1      | Reached XP level 1. HP: 19/19 MP: 1/1
    52 | D:1      | Reached skill level 3 in Axes
    72 | D:1      | Reached XP level 2. HP: 22/26 MP: 2/2
   281 | D:1      | Reached skill level 4 in Axes
   728 | D:2      | Reached XP level 3. HP: 25/31 MP: 3/3
   802 | D:2      | Reached skill level 5 in Axes
   937 | D:2      | Noticed a moth of wrath
   940 | D:2      | Found a bloodstained altar of Trog.
  1158 | D:2      | Reached XP level 4. HP: 36/39 MP: 4/4
  1503 | D:2      | Reached skill level 6 in Axes
  1888 | D:3      | Found a white marble altar of Elyvilon.
  2179 | D:3      | Reached XP level 5. HP: 45/45 MP: 5/5
  2456 | D:4      | Reached skill level 7 in Axes
  2688 | D:4      | Found an ancient bone altar of Kikubaaqudgha.
  2727 | D:4      | Reached skill level 8 in Axes
  2727 | D:4      | Reached XP level 6. HP: 48/51 MP: 6/6
  3234 | D:4      | Noticed Edmund
  3249 | D:4      | Killed Edmund
  3249 | D:4      | Reached skill level 9 in Axes
  3249 | D:4      | Reached XP level 7. HP: 52/57 MP: 7/7
  3474 | D:5      | Entered Level 5 of the Dungeon
  3485 | D:5      | Reached skill level 10 in Axes
  3636 | D:5      | Reached skill level 11 in Axes
  3941 | D:5      | Reached XP level 8. HP: 22/64 MP: 8/8
  3974 | D:5      | Found a glowing drain.
  3978 | Sewer    | Entered a sewer
  4853 | D:5      | Reached skill level 12 in Axes
  5005 | D:6      | Reached skill level 5 in Fighting
  5287 | D:6      | Found a staircase to the Ecumenical Temple.
  5292 | Temple   | Entered the Ecumenical Temple
  5305 | Temple   | Became a worshipper of Makhleb the Destroyer
  5393 | D:6      | Noticed a kobold demonologist
  5394 | D:6      | Found Yddonik's Distillery.
  5395 | D:6      | Noticed dazzled's ghost (novice OpAs)
  5397 | D:6      | Found a runed translucent gate.
  5397 | D:6      | Found a runed translucent gate.
  5400 | D:6      | Bought a potion of heal wounds for 60 gold pieces
  5400 | D:6      | Bought a potion of haste for 120 gold pieces
  5401 | D:6      | Found a runed translucent gate.
  5429 | D:6      | Killed a kobold demonologist
  5429 | D:6      | Reached skill level 5 in Armour
  5429 | D:6      | Reached XP level 9. HP: 64/75 MP: 9/9
  5437 | D:6      | Killed dazzled's ghost
  5526 | D:6      | Found Pocvootz's Magic Scroll Shoppe.
  5581 | D:6      | Found Umimuc's Distillery.
  6083 | D:7      | Reached skill level 5 in Shields
  6348 | D:7      | Reached * piety under Makhleb
  6414 | D:7      | Reached skill level 1 in Dodging
  6580 | D:7      | Noticed a hornet
  6610 | D:7      | Killed a hornet
  6610 | D:7      | Reached XP level 10. HP: 37/83 MP: 10/10
  7359 | D:7      | Reached ** piety under Makhleb
  7752 | D:8      | Reached skill level 5 in Dodging
  7787 | D:8      | Noticed Harold
  7787 | D:8      | Noticed a two-headed ogre
  7806 | D:8      | Killed a two-headed ogre
  7830 | D:8      | Killed Harold
  8103 | D:8      | Noticed a gargoyle
  8110 | D:8      | Killed a gargoyle
  8315 | D:8      | Reached XP level 11. HP: 95/95 MP: 11/11
  9032 | D:9      | Found a staircase to the Lair.
  9053 | D:9      | Reached *** piety under Makhleb
  9081 | D:9      | Found Vaedocs's Book Boutique.
  9125 | D:9      | Found a runed translucent gate.
  9125 | D:9      | Found a runed translucent gate.
  9125 | D:9      | Found a runed translucent gate.
  9229 | D:9      | Noticed adept's ghost (novice OpBe)
  9374 | D:9      | Reached skill level 1 in Invocations
  9437 | D:9      | Killed adept's ghost
  9445 | D:9      | Got the ring of Uclaurphuh {Fire}
  9458 | D:9      | Identified the ring of Uclaurphuh {Fire rN+++ MP+9 SInv
                  | Stlth+} (You found it on level 9 of the Dungeon)
  9500 | D:9      | Found a sacrificial altar of Ru.
  9500 | D:9      | Found a shadowy altar of Dithmenos.
  9510 | D:9      | Reached skill level 5 in Invocations
  9516 | D:9      | Found a shimmering altar of Xom.
  9669 | D:10     | Entered Level 10 of the Dungeon
  9859 | D:10     | Noticed a two-headed ogre
  9876 | D:10     | Killed a two-headed ogre
 10211 | D:10     | Noticed Maurice
 10424 | D:10     | Found a staircase to the Orcish Mines.
 10463 | D:10     | Killed Maurice
 11305 | D:10     | Reached **** piety under Makhleb
 11706 | D:11     | Noticed Josephine
 11719 | D:11     | Reached XP level 12. HP: 102/103 MP: 16/16
 11738 | D:11     | Killed from afar by Josephine

Levels and vault maps discovered:
D:1:      kennysheep_arrival_seaside, layout_basic
D:2:      layout_loops_corners, tgw_trog, first_ration
D:3:      layout_rooms, nicolae_overflow_hidden_temple
D:4:      layout_basic, kiku_gazebo_pond_becter, serial_curves, eino_curves_04,
          eino_curves_04, uniq_edmund
D:5:      layout_cave_pools, gup_sewer_entry_bowl,
          chequers_serial_rivers_micro_a
D:6:      layout_gridville, minmay_temple_entry_nine_rooms,
          gammafunk_ghost_split, serial_shops, shop, shop,
          kennysheep_little_box, minmay_holes
D:7:      layout_basic
D:8:      layout_loops_ring, minmay_manual_mail, uniq_harold
D:9:      layout_roguey, chequers_temple_overflow_statue_of_worship,
          dpeg_oklobed_lair, serial_shops, nicolae_shop_crystal,
          gammafunk_ghost_icy
D:10:     layout_grid_maze, david_orc_2, hangedman_little_slice_of_home,
          uniq_maurice
D:11:     layout_stronghold, gauntlet_entry_generic,
          nicolae_trove_entry_crossroad, uniq_josephine
Temple:   eino_temple_rhombus

Skill      XL: |  1  2  3  4  5  6  7  8  9 10 11 |
---------------+----------------------------------+-----
Axes           | 3 4 5 6 8 9 11 12 | 12.2
Fighting       | 6 8 |  8.7
Armour         | 5 7 8 9 |  9.6
Shields        | 7 9 |  9.2
Dodging        | 3 6 8 |  8.8
Invocations    | 5 |  5.8

Action                   |  1- 3 |  4- 6 |  7- 9 | 10-12 || total
-------------------------+-------+-------+-------+-------++-------
Melee: War axe           |   112 |   227 |   441 |   795 ||  1575
Throw: Dart              |       |     6 |       |       ||     6
Invok: Lesser Servant of |       |       |       |     1 ||     1
  Use: Scroll            |       |       |    14 |     2 ||    16
       Potion            |       |       |     5 |     6 ||    11
  Eat: Chunk             |     1 |     7 |     8 |    17 ||    33
       Ration            |       |       |     1 |     3 ||     4
Armor: Scale mail        |    50 |   110 |   174 |    36 ||   370
       Plate armour      |       |       |       |   262 ||   262
Dodge: Dodged            |    33 |    68 |   135 |   232 ||   468
Block: Shield            |    67 |   134 |   206 |   384 ||   791

Table legend:
 A = Non-vault XP
 B = Vault XP
 C = Vault XP percentage of total XP
 D = Non-vault monster count
 E = Vault monster count
 F = Vault count percentage of total count
                 A         B        C        D         E       F
            +---------+---------+-------+---------+---------+-------
      Total |   13452 |    5290 |  28.2 |     253 |      67 |  20.9
            +---------+---------+-------+---------+---------+-------
        D:1 |      23 |       0 |   0.0 |      15 |       0 |   0.0
        D:2 |      83 |       9 |   9.8 |      26 |       5 |  16.1
        D:3 |      69 |       0 |   0.0 |      24 |       0 |   0.0
        D:4 |     404 |     166 |  29.1 |      24 |       1 |   4.0
        D:5 |     640 |      20 |   3.0 |      18 |       4 |  18.2
        D:6 |     692 |     946 |  57.8 |      15 |       4 |  21.1
        D:7 |    2371 |       0 |   0.0 |      51 |       0 |   0.0
        D:8 |    2461 |    1478 |  37.5 |      19 |       5 |  20.8
        D:9 |    2735 |    1781 |  39.4 |      33 |      10 |  23.3
       D:10 |    2500 |     611 |  19.6 |      19 |      16 |  45.7
       D:11 |    1474 |     209 |  12.4 |       9 |       1 |  10.0
      Sewer |       0 |      70 | 100.0 |       0 |      21 | 100.0
            +---------+---------+-------+---------+---------+-------
